 Dungeon Crawl Stone Soup version 0.17.1-1-g73c8601 (webtiles) character file.

77 PossumBlood the Skirmisher (level 4, -6/44 HPs)
             Began as a Minotaur Fighter on Dec 23, 2015.
             Mangled by Natasha (8 damage)
             ... on level 2 of the Dungeon.
             The game lasted 00:04:04 (949 turns).

PossumBlood the Skirmisher (Minotaur Fighter)        Turns: 949, Time: 00:04:05

Health: -6/44      AC:  6    Str: 21    XL:     4   Next: 14%
Magic:  3/3        EV:  7    Int:  5    God:
Gold:   97         SH:  9    Dex: 10    Spells: 0 memorised, 3 levels left

rFire  . . .     SeeInvis .     a - +0 long sword
rCold  . . .     Clarity  .     b - +0 scale mail
rNeg   . . .     SustAt   .     c - +0 shield
rPois  .         Gourm    .     (helmet restricted)
rElec  .         Spirit   .     (no cloak)
rCorr  .         Warding  .     (no gloves)
rMut   .         Stasis   .     (no boots)
MR     .....                    (no amulet)
Stlth  ..........               (no ring)
                                (no ring)

@: not resistant to hostile enchantments, extremely unstealthy
A: retaliatory headbutt, horns 2
a: no special abilities


You were on level 2 of the Dungeon.
You were not hungry.

You visited 1 branch of the dungeon, and saw 2 of its levels.

You collected 97 gold pieces.

Inventory:

Hand Weapons
 a - a +0 long sword (weapon)
Armour
 b - a +0 scale mail (worn)
 c - a +0 shield (worn)
Scrolls
 f - 4 scrolls of identify {unknown}
 i - a scroll of noise {unknown}
 j - a scroll of remove curse {unknown}
Potions
 d - a potion of might
 g - 2 potions of curing {unknown}
 h - a potion of beneficial mutation {unknown}
 k - a potion of cure mutation {unknown}
Books
 l - a book of Annihilations

   Spells                             Type                      Level
   a - Poison Arrow                   Conjuration/Poison           6
   b - Chain Lightning                Conjuration/Air              8
   c - Lehudib's Crystal Spear        Conjuration/Earth            8
   d - Glaciate                       Conjuration/Ice              9
   e - Fire Storm                     Conjuration/Fire             9
Comestibles
 e - 3 bread rations


   Skills:
 * Level 6.1 Fighting
 - Level 2.4 Long Blades
 - Level 3.6 Armour
 - Level 3.6 Shields


You had 3 spell levels left.
You didn't know any spells.

Dungeon Overview and Level Annotations

Branches:
Dungeon (2/15)

Altars:

Annotations:
D:2 Natasha


Innate Abilities, Weirdness & Mutations

You reflexively headbutt those who attack you in melee.
You have a pair of horns on your head.


Message History

You hit the iron imp. Your headbutt misses the iron imp.
The iron imp is moderately wounded.
The shadow imp shouts, "Give up, thou surly moldwarp swadder!"
You block the iron imp's attack. The giant cockroach closely misses you.
The kobold hits you but does no damage.
The shadow imp hits you but does no damage.
Your scale mail prevents you from hitting the iron imp.
Your headbutt misses the iron imp.
The iron imp is moderately wounded.
You block the giant cockroach's attack.
Natasha zaps a wand.
The puff of flame hits you!
* * * LOW HITPOINT WARNING * * *
You block the shadow imp's attack. The iron imp hits you.
* * * LOW HITPOINT WARNING * * *
The kobold hits you with a dagger.
* * * LOW HITPOINT WARNING * * *
The shadow imp hits you but does no damage.
The giant cockroach bites you but does no damage.
Natasha claws you!
You die...

#.####..#
#..#...#....####....
###.###..##
#.##....†...........
<.†.....##
#.##....#...........
.....####
......#####†..>.....
.....# .. ##.##
###......... .....# >
... #.####...........
.....# ...
###......#.........
.....#
#...#55.######.........
.....# #Ks@.# #.........
.....#
......K5h...............
.........###############
....##..## ... #### .. .


You could see an iron imp, Natasha, 2 shadow imps, a giant cockroach and 2
kobolds.

Vanquished Creatures
  Ijyb (D:2)
  2 worms (D:2)
  2 ball pythons
  6 bats
  A giant cockroach (D:2)
  2 goblins (D:1)
  7 hobgoblins
  7 jackals
  5 kobolds
  A quokka (D:2)
  3 giant newts (D:2)
  4 rats
41 creatures vanquished.

Notes
Turn   | Place    | Note
--------------------------------------------------------------
     0 | D:1      | PossumBlood the Minotaur Fighter began the quest for the Orb.
     0 | D:1      | Reached XP level 1. HP: 19/19 MP: 0/0
   129 | D:1      | Reached skill level 4 in Fighting
   283 | D:1      | Reached XP level 2. HP: 25/28 MP: 1/1
   345 | D:1      | You fall through a shaft!
   571 | D:2      | Reached skill level 5 in Fighting
   692 | D:2      | Reached XP level 3. HP: 34/36 MP: 2/2
   927 | D:2      | Noticed Ijyb
   936 | D:2      | Killed Ijyb
   936 | D:2      | Reached skill level 6 in Fighting
   936 | D:2      | Reached XP level 4. HP: 39/44 MP: 3/3
   941 | D:2      | Noticed Natasha
   949 | D:2      | HP: 2/44 [kobold/dagger (1)]
   949 | D:2      | Mangled by Natasha

Action                   |  1- 3 |  4- 6 || total
-------------------------+-------+-------++-------
Melee: Long sword        |    99 |     5 ||   104
